Map: Terrasses de Prion

Players

BanKiBoon

  • Race: Zerg Zerg
  • League: Silver

pupu - Winner!

  • Race: Protoss Protoss
  • League: Silver

VOD

Have the link to the VOD?

Description

Time

  • Played on: April 10, 2016, 4:59 a.m.
  • Length: 13:55
Show
View Real Time Build Order
Export as new Build Order

BanKiBoon Zerg 

Build Orders: Pool First 

Get SALT Encoding   

  12  0:01  Drone  
  13  0:08  Drone  
  14  0:26  Spawning Pool  
  13  0:29  Drone  
  14  0:38  Overlord  
  14  0:47  Extractor, Drone  
  14  0:56  Drone x2  
  16  1:11  Drone  
  17  1:13  Queen  
  17  1:14  Drone  
  20  1:24  Drone  
  21  1:34  Overlord  
  21  1:46  Drone  
  22  1:58  Spore Crawler  
  22  2:00  Drone  
  22  2:11  Hatchery, Metabolic Boost  
  22  2:12  Zergling x2  
  23  2:22  Zergling x2  
  23  2:23  Zergling x6  
  26  2:30  Drone  
  27  2:38  Evolution Chamber  
  26  2:45  Drone  
  27  2:54  Lair  
  27  3:05  Extractor  
  26  3:10  Drone x3  
  29  3:21  Overlord  
  29  3:29  Zergling x6  
  29  3:31  Zerg Melee Weapons Level 1  
  32  3:47  Queen  
  32  3:48  Drone x3  
  37  3:58  Drone x2  
  39  4:04  Spire  
  38  4:34  Drone x3  
  38  4:36  Drone  
  38  4:37  Drone x2  
  38  4:38  Overlord  
  44  4:59  Hatchery  
  43  5:00  Zergling x6  
  46  5:20  Overlord x2  
  36  5:48  Zergling x10  
  36  5:49  Zergling x2  
  37  6:05  Drone x2  
  37  6:07  Drone x2  
  37  6:08  Drone  
  42  6:16  Mutalisk x6  
  54  6:25  Queen  
  56  6:26  Drone x2  
  58  6:33  Drone  
  59  6:47  Drone  
  59  6:50  Spine Crawler  
  59  6:53  Drone x3  
  59  6:54  Drone x3  
  64  6:57  Extractor  
  64  7:05  Drone x2  
  64  7:07  Overlord  
  66  7:13  Spine Crawler  
  65  7:26  Mutalisk x2  
  65  7:27  Mutalisk x2  
  73  7:30  Zergling x2  
  73  7:31  Overlord  
  74  7:37  Overlord  
  74  7:55  Extractor  
  74  7:56  Zergling x4  
  74  7:57  Zergling x12  
  81  8:13  Mutalisk x3  
  81  8:15  Zergling x6  
  81  8:16  Overlord  
  85  8:44  Zergling x6  
  85  8:45  Zergling x14  
  83  8:54  Spine Crawler  
  62  9:10  Zergling x6  
  61  9:28  Zergling x2  
  47  9:36  Zergling x2  
  40  9:45  Zergling x2  
  25  9:56  Queen  
  27  10:06  Zergling x2  
  27  10:07  Zergling x2  
  26  10:15  Zergling x2  
  16  10:46  Drone x4  
  16  10:47  Drone  
  21  10:51  Drone  
  21  10:52  Drone x2  
  24  11:02  Drone x2  
  26  11:17  Zergling x4  
  28  11:22  Zergling x8  
  32  11:30  Drone  
  33  11:34  Drone x3  
  29  11:55  Zergling x4  
  19  12:14  Spine Crawler, Queen, Drone x3  
  22  12:16  Spine Crawler  
  22  12:18  Spine Crawler  
  18  12:27  Spine Crawler  
  17  12:30  Spine Crawler  
  16  12:39  Drone x2  
  16  12:40  Spawning Pool  
  16  12:52  Drone  
  17  13:02  Drone  
Show
View Real Time Build Order
Export as new Build Order

pupu Protoss - Winner!

Build Orders:  

Get SALT Encoding   

  12  0:01  Probe (Chrono Boost)  
  13  0:11  Probe (Chrono Boost)  
  14  0:18  Pylon  
  14  0:24  Probe (Chrono Boost)  
  15  0:37  Probe (Chrono Boost)  
  15  0:39  Gateway  
  16  0:47  Probe (Chrono Boost)  
  16  0:49  Assimilator  
  17  0:58  Probe (Chrono Boost)  
  17  1:08  Probe (Chrono Boost)  
  18  1:19  Probe (Chrono Boost)  
  18  1:22  Gateway  
  19  1:27  Pylon  
  19  1:29  Probe (Chrono Boost)  
  19  1:30  Zealot (Chrono Boost)  
  23  1:40  Probe (Chrono Boost)  
  23  1:48  Assimilator  
  23  1:51  Probe  
  24  2:03  Gateway  
  24  2:04  Probe  
  25  2:13  Cybernetics Core  
  25  2:16  Probe  
  26  2:28  Probe  
  27  2:40  Nexus  
  27  2:42  Probe  
  28  2:50  Adept (Chrono Boost)  
  30  2:52  Warp Gate (Chrono Boost)  
  30  3:03  Pylon  
  30  3:06  Probe  
  31  3:21  Adept x2  
  31  3:23  Probe, Pylon  
  31  3:26  Adept  
  40  3:41  Mothership Core  
  40  3:43  Pylon  
  40  3:47  Pylon  
  40  3:51  Probe  
  41  3:55  Adept  
  41  4:00  Adept  
  41  4:02  Probe  
  46  4:05  Probe, Adept  
  49  4:17  Twilight Council, Probe  
  49  4:19  Probe  
  51  4:47  Probe  
  51  4:49  Probe  
  53  4:55  Stalker x3  
  59  5:01  Resonating Glaives (Chrono Boost)  
  59  5:22  Probe  
  52  5:49  Adept x3  
  52  6:10  Gateway x2  
  52  6:12  Gateway  
  52  6:15  Probe x2, Gateway  
  52  6:17  Gateway x2  
  54  6:20  Gateway  
  54  6:21  Assimilator  
  54  6:23  Assimilator, Adept x3  
  60  6:26  Pylon  
  60  6:27  Probe  
  60  6:28  Pylon  
  61  6:43  Pylon  
  61  6:46  Nexus  
  61  6:48  Pylon  
  61  6:51  Pylon  
  61  6:52  Probe x2  
  63  6:54  Pylon  
  63  6:59  Stalker x3  
  69  7:04  Probe  
  70  7:11  Blink (Chrono Boost)  
  71  7:15  Probe  
  71  7:16  Probe  
  72  7:24  Stalker x3  
  72  7:25  Stalker x5, Pylon  
  72  7:26  Pylon  
  72  7:27  Pylon  
  72  7:29  Pylon  
  88  7:46  Probe x2  
  88  7:49  Stalker x5  
  100  7:53  Sentry  
  100  7:56  Pylon  
  102  7:58  Zealot x2  
  102  7:59  Zealot  
  107  8:18  Stalker x4  
  115  8:27  Forge  
  115  8:31  Forge  
  115  8:35  Stalker  
  115  8:36  Stalker  
  115  8:56  Stalker x2  
  119  9:05  Photon Cannon  
  93  9:35  Stalker x4  
  73  10:14  Stalker x3  
  73  10:15  Stalker  
  73  10:19  Assimilator  
  81  10:26  Probe  
  81  10:27  Probe x2  
  74  10:45  Zealot x2  
  74  10:46  Zealot x7  
  74  10:47  Zealot  
  92  10:57  Charge (Chrono Boost)  
  92  10:58  Protoss Ground Weapons Level 1  
  92  10:59  Protoss Ground Armor Level 1  
  92  11:02  Probe  
  92  11:04  Probe x2  
  95  11:15  Assimilator  
  95  11:20  Pylon  
  95  11:23  Pylon  
  95  11:27  Photon Cannon  
  93  12:01  Stalker x7  
  98  12:02  Stalker x3  
  110  12:28  Nexus  
  110  12:32  Pylon  
  110  12:35  Probe, Pylon  
  110  12:36  Probe x2  
  113  12:37  Pylon  
  113  12:40  Pylon  
  113  12:43  Pylon  
  113  12:45  Probe  
  113  12:47  Pylon  
  113  12:48  Probe  
Tags
 
Add a new tag
Caveats
  • Supply blocks, unpowered buildings, or Contaminate may cause inaccurate times.
  • Supply counts are checked every 10 seconds.